 Dungeon Crawl Stone Soup version 0.19-a0-1401-g902f63d (webtiles) character file.

6451 aronpayne the Chopper (level 10, 0/100 HPs)
             Began as a Troll Monk on Sept 4, 2016.
             Was a Priest of Nemelex Xobeh.
             Slain by a yak (7 damage)
             ... on level 9 of the Dungeon.
             The game lasted 00:40:34 (8240 turns).

aronpayne the Chopper (Troll Monk)                  Turns: 8240, Time: 00:40:35

Health: 0/100      AC:  6    Str: 24    XL:     10   Next: 67%
Magic:  11/11      EV: 13    Int:  6    God:    Nemelex Xobeh [***...]
Gold:   464        SH:  0    Dex: 12    Spells: 0 memorised, 9 levels left

rFire  + . .     SeeInvis .     F - +11 hand axe of the Wilderness {venom, rF+ MR+++}
rCold  . . .     Gourm    +     a - +1 robe
rNeg   + . .     Faith    .     (no shield)
rPois  .         Spirit   .     (helmet restricted)
rElec  .         Dismiss  .     (no cloak)
rCorr  .         Reflect  .     (gloves unavailable)
MR     +++..     Harm     +     (boots unavailable)
Stlth  ++........               r - amulet of harm
                                f - ring of positive energy
                                y - ring of stealth

@: no status effects
A: unfitting armour, claws 3, fast metabolism 3, gourmand, regeneration 1,
shaggy fur 1, tough skin 2
a: Triple Draw, Renounce Religion


You were on level 9 of the Dungeon.
You worshipped Nemelex Xobeh.
Nemelex Xobeh was most pleased with you.
You were very full.

You visited 1 branch of the dungeon, and saw 9 of its levels.
You also visited: Ossuary.

You collected 516 gold pieces.
You spent 52 gold pieces at shops.

Inventory:

Hand Weapons
 F - the +11 hand axe of the Wilderness (weapon) {venom, rF+ MR+++}
   (You found it on level 5 of the Dungeon)

   It poisons the flesh of those it strikes.
   It protects you from fire.
   It affects your resistance to hostile enchantments.
Missiles
 l - 6 large rocks (quivered)
Armour
 a - a +1 robe (worn)
Jewellery
 f - a ring of positive energy (right claw)
 r - an amulet of harm (around neck)
 y - a ring of stealth (left claw)
Wands
 d - a wand of slowing (31/48)
 B - a wand of hasting (7/9)
Scrolls
 n - 4 scrolls of magic mapping
 p - 3 scrolls of teleportation
 q - 2 scrolls of amnesia
 s - a scroll of enchant armour
 u - 3 scrolls of fear
 D - a scroll of recharging
 I - a scroll of torment {unknown}
 L - 2 scrolls of fog
 N - a scroll of identify
 P - 5 scrolls of remove curse
Potions
 c - 4 potions of might
 e - 2 potions of agility
 g - a potion of resistance
 i - 2 potions of heal wounds
 k - a potion of magic {unknown}
 t - a potion of invisibility {unknown}
 v - a potion of cancellation {unknown}
 x - a potion of berserk rage {unknown}
 z - a potion of mutation {unknown}
 A - 2 potions of brilliance
 E - a potion of flight {unknown}
 K - a potion of ambrosia {unknown}
 O - 3 potions of curing
 R - a potion of haste {unknown}
Miscellaneous
 h - an ornate deck of destruction {drawn: 3}
 j - an ornate deck of escape {drawn: 1}
 G - a plain deck of escape {drawn: 3}
 H - a plain deck of escape
 J - a plain deck of escape
Comestibles
 b - 7 bread rations
 m - 5 meat rations
 o - 7 beef jerkies
 w - 9 royal jellies
 C - 3 fruits
 M - 4 chunks of flesh


   Skills:
 + Level 6.8 Fighting
 * Level 7.3 Axes
 - Level 4.2 Throwing
 - Level 0.8 Armour
 + Level 6.9 Dodging
 - Level 1.2 Stealth
 - Level 6.0 Unarmed Combat
 + Level 3.6 Invocations


You had 9 spell levels left.
You didn't know any spells.

Dungeon Overview and Level Annotations

Branches:
Dungeon (9/15)             Temple (0/1) D:6
   Lair: D:8-11         Orc: D:9-12

Altars:
Cheibriados
Dithmenos
Elyvilon
Fedhas
Gozag
Nemelex Xobeh
Qazlal
Ru
Sif Muna
Uskayaw
Vehumet
Xom
Yredelemnul
Zin

Shops:
D:8 *


Innate Abilities, Weirdness & Mutations

You are too large for most types of armour.
You have claws for hands.
Your metabolism is lightning-fast.
You like to eat raw meat.
Your natural rate of healing is unusually fast.
You are covered in fur. (AC +1)
You have very tough skin. (AC +2)


Message History

You kill the yak!
You slash the yak!
You kill the yak!
You hit the yak.
The yak looks even sicker.
The yak closely misses you.
You hit the yak but do no damage.
The yak looks as sick as possible!
The yak is moderately wounded.
The yak barely misses you.
You hit the yak but do no damage.
The yak is moderately wounded.
The yak gores you!
* * * LOW HITPOINT WARNING * * *
You hit the yak.
The yak looks as sick as possible!
The yak is heavily wounded.
The yak gores you.
* * * LOW HITPOINT WARNING * * *
You slash the yak!
The yak looks as sick as possible!
The yak is almost dead.
The yak gores you.
You die...
Your body disappears without a glow.

.............#........
#...... .....#....>...
#..... .....########'
#....#######..........
#...†#.....#..........
#...†#.....#...#######
###..#.....#.###
#(Y###+#'#.#
#.†@.......#
#..........#
#..........#
.............#
##############


You could see a yak.

Vanquished Creatures
  Pikel (D:4)
  A wizard (D:9)
  A slime creature (D:9)
  A wyvern (D:9)
  5 yaks (D:9)
  2 hippogriffs
  Menkaure (Ossuary)
  A soldier ant (D:8)
  Purgy (D:4)
  An orc warrior (D:9)
  A wasp (D:8)
  An eye of draining (D:8)
  2 sky beasts
  6 ogres
  4 phantoms
  A centaur (D:7)
  2 big kobolds
  3 giant frogs
  2 scorpions
  10 killer bees
  5 wights (D:6)
  5 crimson imps
  2 giant frog zombies (D:9)
  2 centaur zombies
  7 hounds
  3 quasits
  An orc priest (D:3)
  3 centaur skeletons
  3 orc wizards
  A giant frog skeleton (D:6)
  A gnoll shaman (D:5)
  Terence (D:2)
  2 iguanas (D:9)
  6 worker ants
  2 hound zombies
  3 mummies (Ossuary)
  2 worker ant zombies
  A howler monkey zombie (D:6)
  5 gnolls (D:5)
  7 adders
  3 shadow imps
  An ooze (D:1)
  An adder zombie (D:5)
  2 worms
  3 dart slugs
  8 giant geckos
  14 orcs
  3 ball pythons
  4 giant cockroaches
  4 gnoll zombies (Ossuary)
  9 goblins
  5 hobgoblins
  8 jackals (D:9)
  13 kobolds
  2 quokkas
  7 bats
  2 giant newts
  3 gnoll skeletons (Ossuary)
  A goblin skeleton (Ossuary)
  3 goblin zombies (Ossuary)
  2 hobgoblin skeletons (Ossuary)
  A hobgoblin zombie (Ossuary)
  A jackal skeleton (D:4)
  4 kobold skeletons (Ossuary)
  4 orc skeletons (Ossuary)
  3 orc zombies (Ossuary)
  3 rats
  A rat skeleton (Ossuary)
  A rat zombie (Ossuary)
  A plant (D:8)
226 creatures vanquished.

Vanquished Creatures (others)
  Duvessa (D:4)
  Dowan (D:4)
  3 orcs (D:4)
  3 gnoll skeletons (Ossuary)
  A gnoll zombie (Ossuary)
  A goblin skeleton (Ossuary)
  A hobgoblin skeleton (Ossuary)
  A hobgoblin zombie (Ossuary)
  2 kobold skeletons (Ossuary)
  3 kobold zombies (Ossuary)
  An orc skeleton (Ossuary)
  5 orc zombies (Ossuary)
  2 rat skeletons (Ossuary)
  3 rat zombies (Ossuary)
28 creatures vanquished.

Grand Total: 254 creatures vanquished

Notes
Turn   | Place    | Note
-------+----------+-------------------------------------------
     0 | D:1      | aronpayne the Troll Monk began the quest for the Orb.
     0 | D:1      | Reached XP level 1. HP: 22/22 MP: 0/0
   242 | D:1      | Reached XP level 2. HP: 29/29 MP: 1/1
   729 | D:2      | Reached XP level 3. HP: 36/36 MP: 2/2
   898 | D:2      | Found a glowing silver altar of Zin.
   899 | D:2      | Found an opulent altar of Gozag.
   930 | D:2      | Noticed Terence
   935 | D:2      | Killed Terence
  1053 | D:2      | Reached skill level 1 in Throwing
  1053 | D:2      | Reached XP level 4. HP: 44/44 MP: 3/3
  1529 | D:3      | Noticed a sky beast
  1540 | D:3      | Killed a sky beast
  1540 | D:3      | Reached XP level 5. HP: 28/53 MP: 4/4
  2008 | D:3      | Reached XP level 6. HP: 35/61 MP: 5/5
  2933 | D:4      | Noticed a slave
  2934 | D:4      | Noticed Duvessa
  2934 | D:4      | Noticed Dowan
  2935 | D:4      | Noticed Pikel
  2936 | D:4      | Noticed a slave
  2936 | D:4      | Noticed a slave
  2937 | D:4      | Noticed a slave
  2968 | D:4      | Killed Pikel
  2968 | D:4      | Reached skill level 5 in Unarmed Combat
  2968 | D:4      | Reached XP level 7. HP: 39/70 MP: 6/6
  2979 | D:4      | Killed Duvessa
  2982 | D:4      | Killed Dowan
  3162 | D:4      | Noticed a hippogriff
  3170 | D:4      | Killed a hippogriff
  3222 | D:4      | Reached XP level 8. HP: 53/79 MP: 7/7
  3671 | D:4      | Noticed Purgy
  3685 | D:4      | Killed Purgy
  3800 | D:5      | Entered Level 5 of the Dungeon
  4095 | D:5      | Got a translucent hand axe
  4096 | D:5      | Identified the +11 hand axe of the Wilderness {venom, rF+ MR+++} (You found it on level 5 of the Dungeon)
  4174 | D:5      | Reached skill level 1 in Axes
  4445 | D:5      | Reached skill level 5 in Dodging
  4580 | D:6      | Found a sparkling altar of Nemelex Xobeh.
  4595 | D:6      | Became a worshipper of Nemelex Xobeh the Trickster
  4595 | D:6      | Received a gift from Nemelex Xobeh
  4595 | D:6      | Reached * piety under Nemelex Xobeh
  4595 | D:6      | Received a gift from Nemelex Xobeh
  4595 | D:6      | Reached ** piety under Nemelex Xobeh
  4609 | D:6      | Reached skill level 5 in Fighting
  4609 | D:6      | Reached skill level 2 in Axes
  4638 | D:6      | Found a hide-covered altar of Uskayaw.
  4650 | D:6      | Got a shimmering whip
  4667 | D:6      | Identified the cursed +1 whip "Jigy" {slash, Str+4 Int+3} (You found it on level 6 of the Dungeon)
  4693 | D:6      | Found a staircase to the Ecumenical Temple.
  4829 | D:6      | Reached skill level 3 in Axes
  5052 | D:6      | Reached XP level 9. HP: 86/88 MP: 8/8
  5311 | D:7      | Found a sacrificial altar of Ru.
  5461 | D:7      | Found a sand-covered staircase.
  5468 | Ossuary  | Entered an ossuary
  5707 | Ossuary  | Noticed Menkaure
  5712 | Ossuary  | Killed Menkaure
  5712 | Ossuary  | Reached skill level 4 in Axes
  5762 | Ossuary  | Identified a scroll of acquirement
  5808 | D:7      | Received a gift from Nemelex Xobeh
  6216 | D:8      | Reached skill level 5 in Axes
  6316 | D:8      | Reached *** piety under Nemelex Xobeh
  6394 | D:8      | Found a snail-covered altar of Cheibriados.
  6394 | D:8      | Found a deep blue altar of Sif Muna.
  6394 | D:8      | Found a shadowy altar of Dithmenos.
  6408 | D:8      | Reached skill level 1 in Invocations
  6498 | D:8      | Found Fenosh's Assorted Antiques.
  6501 | D:8      | Bought a scroll of identify for 52 gold pieces
  6659 | D:8      | Found a radiant altar of Vehumet.
  6665 | D:8      | Found a white marble altar of Elyvilon.
  6667 | D:8      | Found a shimmering altar of Xom.
  7212 | D:9      | Reached XP level 10. HP: 81/98 MP: 10/10
  7297 | D:9      | Found a basalt altar of Yredelemnul.
  7339 | D:9      | Received a gift from Nemelex Xobeh
  7512 | D:9      | Reached skill level 6 in Axes
  7724 | D:9      | Received a gift from Nemelex Xobeh
  7843 | D:9      | Noticed a wizard
  7854 | D:9      | Killed a wizard
  8060 | D:9      | Found a snail-covered altar of Cheibriados.
  8167 | D:9      | Found a stormy altar of Qazlal.
  8176 | D:9      | Found a blossoming altar of Fedhas.
  8194 | D:9      | Reached skill level 7 in Axes
  8240 | D:9      | Slain by a yak

Vault maps used:
D:1:      nagdon_arrival_double_spiral, bh_walls_and_bars
D:2:      grunt_temple_overflow_gold_and_silver, uniq_terence
D:4:      first_bread, uniq_pikel, uniq_purgy, uniq_duvessa
D:6:      eat_drink_and_be_merry_uskayaw, nemelex_xobeh_ov_fountains_minmay
D:7:      nicolae_ru_awakened_eye, chequers_ossuary_entry_cave
D:8:      minitemple, gammafunk_temple_overflow_forgotten,
          hangedman_pestilent_swarm, minmay_shop_grid_forest
D:9:      minmay_tri_box, grunt_temple_overflow_forces_of_nature,
          lemuel_crystal_altar, chei_slow_surprise
Ossuary:  ossuary_due_pyramid

Skill      XL: |  1  2  3  4  5  6  7  8  9 10 |
---------------+-------------------------------+-----
Throwing       | 1 2 3 4 |  4.2
Fighting       | 3 4 5 6 |  6.8
Dodging        | 3 4 5 6 |  6.9
Unarmed Combat | 4 5 6 |  6.0
Axes           | 3 5 7 |  7.3
Invocations    | 2 3 |  3.6
Armour         | |  0.8
Stealth        | |  1.2

Action                   |  1- 3 |  4- 6 |  7- 9 | 10-12 || total
-------------------------+-------+-------+-------+-------++-------
Melee: Unarmed           |    66 |   113 |    53 |       ||   232
       Punch             |     3 |     2 |     3 |     5 ||    13
       Hand axe          |       |       |   218 |    97 ||   315
Evoke: Deck              |       |       |     3 |     4 ||     7
  Use: Scroll            |       |     5 |    22 |       ||    27
       Potion            |       |       |     1 |       ||     1
 Stab: Sleeping          |     3 |     3 |    17 |     2 ||    25
       Distracted        |       |       |     1 |       ||     1
  Eat: Chunk             |    15 |    14 |    35 |    10 ||    74
       Fruit             |       |       |     2 |       ||     2
       Pizza             |       |       |     2 |       ||     2
       Royal jelly       |       |       |     1 |       ||     1
Armor: Robe              |    17 |    41 |    55 |    37 ||   150
Dodge: Dodged            |    35 |    50 |   129 |    83 ||   297
